Map: Bel'Shir Vestige LE (Void)

Players

Railgan

  • Race: Zerg Zerg
  • League: Grandmaster
  • Spawn Location: 5:00

LareShove - Winner!

  • Race: Zerg Zerg
  • League: Master
  • Spawn Location: 11:00

VOD

Have the link to the VOD?

Description

Time

  • Played on: March 13, 2017, 6:39 p.m.
  • Length: 12:35
Show
View Real Time Build Order
Export as new Build Order

Railgan Zerg 

Build Orders: Hatch First 

Get SALT Encoding   

  12  0:01  Drone  
  13  0:12  Overlord  
  13  0:17  Drone  
  14  0:30  Drone x2  
  16  0:38  Drone  
  17  0:47  Drone  
  18  0:55  Hatchery  
  17  0:57  Drone  
  17  1:01  Extractor  
  17  1:12  Spawning Pool  
  17  1:14  Drone  
  17  1:20  Drone  
  18  1:28  Drone  
  19  1:39  Overlord  
  19  1:58  Queen  
  19  1:59  Zergling x2  
  19  2:01  Zergling x2  
  23  2:07  Baneling Nest  
  22  2:09  Spine Crawler  
  22  2:10  Zergling x2  
  22  2:11  Spine Crawler  
  22  2:14  Zergling x2  
  25  2:23  Zergling x2  
  25  2:29  Zergling x4  
  28  2:35  Zergling x2  
  26  2:40  Zergling x2  
  26  2:43  Metabolic Boost  
  25  2:51  Baneling  
  25  2:57  Queen  
  26  3:01  Baneling  
  26  3:02  Drone  
  26  3:03  Drone  
  27  3:11  Drone  
  27  3:12  Zergling x2  
  24  3:14  Zergling x2  
  24  3:16  Drone  
  26  3:22  Drone  
  27  3:32  Zergling x2  
  27  3:42  Overlord  
  27  3:43  Zergling x2  
  27  3:46  Zergling x2  
  28  3:58  Hatchery  
  28  4:00  Extractor  
  26  4:04  Drone x2  
  26  4:08  Drone  
  29  4:12  Baneling  
  29  4:13  Overlord  
  29  4:14  Drone  
  30  4:22  Lair  
  30  4:28  Overlord  
  29  4:38  Drone x2  
  29  4:46  Zergling x4  
  29  4:47  Zergling x2  
  32  4:57  Zergling x2  
  33  5:02  Zergling x2  
  33  5:06  Baneling x2  
  34  5:13  Drone  
  35  5:15  Drone  
  35  5:17  Drone  
  36  5:22  Spire, Drone  
  36  5:23  Drone x2  
  38  5:30  Drone  
  38  5:34  Overlord  
  39  5:36  Drone  
  40  5:43  Drone  
  40  5:44  Drone  
  42  5:51  Drone x2  
  42  5:54  Overlord  
  42  5:55  Drone x2  
  46  5:58  Extractor, Drone  
  46  5:59  Extractor  
  45  6:06  Drone  
  45  6:11  Drone  
  46  6:13  Drone  
  46  6:16  Drone  
  47  6:24  Drone  
  48  6:27  Drone x4  
  51  6:37  Overlord  
  51  6:41  Hatchery  
  50  6:50  Mutalisk  
  50  6:53  Overlord  
  52  6:55  Mutalisk x4  
  52  6:58  Zerg Flyer Weapons Level 1  
  60  7:04  Overlord  
  60  7:11  Mutalisk x4  
  67  7:27  Mutalisk  
  67  7:29  Zergling x8  
  73  7:33  Mutalisk  
  73  7:34  Evolution Chamber  
  73  7:36  Zergling x2  
  75  7:39  Overlord  
  75  7:49  Overlord  
  75  7:51  Overlord  
  75  7:57  Zergling x2  
  75  7:58  Zergling x6  
  79  8:01  Baneling x6  
  79  8:03  Zergling x4  
  79  8:04  Zerg Melee Weapons Level 1  
  81  8:06  Mutalisk  
  83  8:15  Zergling x2  
  83  8:16  Zergling x4  
  82  8:31  Mutalisk  
  82  8:32  Mutalisk x2  
  88  8:35  Drone x8  
  88  8:36  Overlord  
  91  8:49  Mutalisk x2  
  91  8:50  Extractor  
  93  8:58  Mutalisk  
  93  8:59  Spore Crawler  
  93  9:01  Zergling x2  
  93  9:02  Zergling x8  
  93  9:04  Zergling x2  
  93  9:05  Queen  
  93  9:07  Spore Crawler  
  95  9:11  Extractor  
  95  9:14  Zerg Flyer Armor Level 1  
  94  9:20  Mutalisk  
  92  9:28  Drone x3  
  92  9:29  Drone  
  92  9:33  Zergling x10  
  95  9:45  Mutalisk x2  
  85  9:46  Mutalisk  
  85  9:52  Mutalisk  
  90  9:55  Drone x2  
  90  9:56  Zergling x4  
  92  10:00  Mutalisk  
  92  10:02  Zergling x2  
  92  10:03  Zergling x4  
  94  10:11  Mutalisk  
  94  10:12  Mutalisk  
  98  10:19  Mutalisk  
  98  10:21  Zergling x2  
  98  10:29  Overlord x2  
  98  10:30  Overlord  
  97  10:38  Mutalisk  
  97  10:40  Overlord  
  96  10:42  Overlord  
  96  10:49  Zergling x10  
  101  10:50  Zergling x8  
  100  10:57  Hatchery  
  100  10:59  Mutalisk  
  100  11:00  Mutalisk x3  
  106  11:10  Mutalisk x3  
  106  11:11  Spore Crawler  
  111  11:15  Zergling x8  
  111  11:27  Mutalisk x3  
  106  11:33  Mutalisk  
  106  11:37  Queen  
  106  11:38  Queen  
  100  11:45  Zergling x2  
  100  11:46  Zergling x8  
  92  11:53  Mutalisk  
  92  11:54  Mutalisk x2  
  86  12:09  Mutalisk x3  
Show
View Real Time Build Order
Export as new Build Order

LareShove Zerg - Winner!

Build Orders: Pool First 

Get SALT Encoding   

  12  0:00  Drone  
  13  0:08  Extractor  
  12  0:25  Spawning Pool  
  11  0:29  Drone  
  11  0:35  Drone  
  13  0:42  Drone  
  14  0:52  Overlord  
  14  1:11  Metabolic Boost  
  14  1:13  Zergling x4  
  14  1:15  Zergling x2  
  17  1:24  Zergling x2  
  18  1:29  Queen  
  20  1:35  Zergling x2  
  21  1:46  Zergling x2  
  22  1:56  Overlord  
  22  2:04  Extractor  
  22  2:08  Zergling x2  
  23  2:12  Hatchery  
  22  2:19  Zergling x2  
  23  2:34  Zergling x2  
  23  2:39  Queen  
  23  2:43  Zergling x2  
  23  2:44  Zergling x2  
  27  2:46  Overlord  
  27  2:58  Drone x2  
  28  3:10  Drone  
  26  3:13  Drone  
  26  3:15  Queen  
  29  3:23  Drone  
  27  3:28  Spine Crawler  
  24  3:35  Drone x2  
  26  3:42  Queen  
  28  3:52  Zergling x2  
  28  3:53  Zergling x4  
  31  3:59  Queen  
  32  4:03  Drone  
  32  4:04  Zergling x2  
  34  4:13  Zergling x4  
  34  4:16  Spine Crawler  
  35  4:28  Drone x3  
  35  4:30  Drone  
  38  4:37  Drone  
  39  4:39  Drone x2  
  39  4:41  Drone  
  42  4:45  Drone  
  42  4:48  Drone  
  45  4:53  Baneling Nest  
  45  4:54  Overlord  
  44  5:02  Drone x2  
  44  5:12  Extractor  
  44  5:13  Drone x3  
  45  5:16  Drone x3  
  45  5:17  Drone  
  47  5:24  Lair  
  47  5:26  Drone  
  48  5:31  Extractor  
  48  5:32  Drone x2  
  49  5:37  Extractor, Drone  
  49  5:48  Drone x3  
  52  5:50  Overlord  
  52  5:53  Overlord  
  52  5:57  Overlord  
  52  6:22  Drone x2  
  52  6:23  Spire  
  52  6:24  Drone x2  
  52  6:25  Drone  
  56  6:32  Overlord x2  
  56  6:33  Overlord  
  56  6:36  Zergling x2  
  56  6:37  Hatchery, Zergling x4  
  58  6:46  Overlord  
  58  6:55  Evolution Chamber  
  58  6:59  Drone  
  58  7:00  Drone x2  
  60  7:06  Drone  
  61  7:09  Overlord  
  59  7:33  Zergling x6  
  59  7:34  Zergling x2  
  59  7:36  Mutalisk x4  
  59  7:37  Mutalisk  
  67  7:39  Zerg Flyer Armor Level 1, Mutalisk x3  
  67  7:41  Extractor  
  67  7:42  Extractor  
  67  7:44  Spore Crawler  
  76  7:47  Spore Crawler  
  76  7:49  Drone x3  
  78  7:57  Mutalisk x2  
  82  8:04  Spore Crawler  
  81  8:05  Mutalisk  
  81  8:10  Drone x2  
  81  8:11  Drone x2  
  81  8:12  Drone x3  
  89  8:16  Zergling x2  
  85  8:28  Mutalisk x3  
  85  8:30  Drone  
  85  8:31  Drone  
  93  8:35  Zerg Melee Weapons Level 1  
  93  8:36  Zergling x4  
  94  8:43  Queen  
  88  8:53  Drone x3  
  88  8:54  Drone x3  
  85  8:55  Drone x3  
  85  8:56  Drone  
  82  9:03  Mutalisk  
  82  9:07  Mutalisk  
  86  9:11  Mutalisk  
  88  9:17  Baneling x2  
  88  9:19  Zergling x2  
  81  9:33  Zerg Flyer Weapons Level 1  
  81  9:38  Mutalisk x4  
  80  9:46  Mutalisk x2  
  80  9:48  Drone x2  
  84  9:53  Drone x2  
  84  10:02  Mutalisk  
  84  10:03  Mutalisk  
  84  10:06  Drone x2  
  84  10:07  Drone x2  
  89  10:23  Zergling x12  
  91  10:29  Mutalisk x2  
  90  10:56  Mutalisk x2  
  90  10:57  Mutalisk x3  
  89  11:00  Queen  
  101  11:05  Zergling x4  
  101  11:07  Baneling x3  
  101  11:11  Drone  
  104  11:13  Mutalisk  
  104  11:15  Zergling x2  
  107  11:23  Mutalisk x2  
  111  11:29  Zergling x6  
  104  11:35  Mutalisk  
  104  11:36  Mutalisk  
  96  11:41  Overlord  
  96  11:46  Mutalisk  
  92  11:52  Drone  
  92  11:53  Drone x2  
  95  11:57  Mutalisk x2  
  95  11:59  Drone x2  
Tags
 
Add a new tag
Caveats
  • Supply blocks, unpowered buildings, or Contaminate may cause inaccurate times.
  • Supply counts are checked every 10 seconds.